 Seeded DCSS version 0.27-a0-789-g6bb3289e1e (webtiles) character file.

Game seed: 20210326 (custom seed)

38 Snicker the Ducker (level 3, -3/28 HPs)
             Began as a Djinni Gladiator on Mar 26, 2021.
             Slain by a phantom (8 damage)
             ... on level 2 of the Dungeon.
             The game lasted 00:02:21 (1295 turns).

Snicker the Ducker (Djinni Gladiator)               Turns: 1295, Time: 00:02:21

Health: -3/28      AC:  4    Str: 13    XL:     3   Next: 43%
Gold:   31         EV: 13    Int:  9    God:
                   SH:  0    Dex: 15

rFire    + + .     SeeInvis .   k - +2 short sword (drain)
rCold    x . .     Faith    .   (no shield)
rNeg     . . .     Spirit   .   b - +0 leather armour
rPois    ∞         Reflect  .   c - +0 helmet
rElec    .         Harm     .   (no cloak)
rCorr    .         Rampage  .   (no gloves)
Will     .....                  (boots unavailable)
Stlth    +.........             (no amulet)
HPRegen  0.09/turn              (no ring)
MPRegen  0.00/turn              (no ring)

@: flying
A: fire resistance 2, cold vulnerability 1, float, innate caster, hp casting,
extra vitality 1
a: no special abilities


You were on level 2 of the Dungeon.
You visited 1 branch of the dungeon, and saw 2 of its levels.

You collected 31 gold pieces.

Inventory:

Hand Weapons
 a - a +0 long sword
 k - a +2 short sword of draining (weapon)
Missiles
 d - 3 throwing nets (quivered)
 g - 4 atropa-tipped darts
Armour
 b - a +0 leather armour (worn)
 c - a +0 helmet (worn)
Scrolls
 e - 2 scrolls of identify {unknown}
 h - a scroll of teleportation {unknown}
Potions
 f - 3 potions of mutation {unknown}
 i - 2 potions of resistance {unknown}
 j - 4 potions of curing {unknown}


   Skills:
 + Level 2.1 Fighting
 + Level 0.1(1.8) Short Blades
 + Level 3.1 Long Blades
 + Level 1.6 Throwing
 + Level 0.4 Armour
 + Level 4.1 Dodging
 + Level 0.1 Stealth


You had one spell level left.
You knew the following spells:

 Your Spells              Type           Power      Damage    Failure   Level
a - Freeze                Ice            0%         1d3       45%         1
Your spell library was empty.

Dungeon Overview and Level Annotations

Branches:
Dungeon (2/15)

Altars:

Shops:
D:1 [


Innate Abilities, Weirdness & Mutations

You are immune to poison.
Your flesh is very heat resistant. (rF++)
You are vulnerable to cold. (rC-)
You float through the air rather than walking.
You learn spells naturally, not from books.
Your magical power is your life essence.
You have superior vitality. (+4 HP)


Message History

You hit the phantom.
The phantom is lightly damaged.
The phantom hits you.
You hit the phantom.
The phantom is moderately damaged.
The phantom completely misses you.
You hit the phantom.
The phantom is moderately damaged.
The phantom hits you.
The phantom blinks!
You blink.
Unknown command.
You hit the phantom.
The phantom is heavily damaged.
The phantom misses you.
You barely miss the phantom.
The phantom is heavily damaged.
The phantom hits you!
The phantom blinks!
You blink.
You barely miss the phantom.
The phantom is heavily damaged.
The phantom completely misses you.
You closely miss the phantom.
The phantom is heavily damaged.
The phantom misses you.
You hit the phantom.
The phantom is heavily damaged.
The phantom hits you but does no damage.
You closely miss the phantom.
The phantom is heavily damaged.
The phantom barely misses you.
You barely miss the phantom.
The phantom is heavily damaged.
The phantom hits you but does no damage.
You hit the phantom.
The phantom is severely damaged.
The phantom hits you.
* * * LOW HITPOINT WARNING * * *
The phantom blinks!
You blink.
The phantom barely misses you.
You hit the phantom but do no damage.
The phantom is severely damaged.
The phantom hits you!
You die...

... ..# #.# #.# #
#.########.# . #.
#..........#
..##.##.§...######
.......§.##W######
###.##....@......#
#..............#
###...........#
#.<....†....#
#...........#
#...........#
####.#.#...##
#.#.#...#
#.#.#.[.#


You could see a phantom.

Vanquished Creatures
  4 dart slugs
  An endoplasm (D:1)
  4 hobgoblins (D:1)
  4 quokkas
  3 ball pythons (D:1)
  2 frilled lizards (D:1)
  4 goblins (D:1)
  3 kobolds (D:1)
  6 rats (D:1)
31 creatures vanquished.

Vanquished Creatures (others)
  A kraken (D:1)
  A ghoul (D:1)
  A minotaur (D:1)
  A draconian (D:1)
  2 gargoyles (D:1)
  An elf (D:1)
  A dwarf (D:1)
  An ogre (D:1)
  An orc (D:1)
  A kobold (D:1)
  6 tentacles (D:1)
17 creatures vanquished.

Grand Total: 48 creatures vanquished

Notes
Turn   | Place    | Note
-------+----------+-------------------------------------------
     0 | D:1      | Snicker the Djinni Gladiator began the quest for the Orb.
     0 | D:1      | Reached XP level 1. HP: 18/18 MP: 0/0
     2 | D:1      | Noticed a minotaur
     2 | D:1      | Noticed a gargoyle
     2 | D:1      | Noticed a gargoyle
     2 | D:1      | Noticed a ghoul
     2 | D:1      | Noticed a ghoul
     2 | D:1      | Noticed a centaur
     2 | D:1      | Noticed a kraken
     2 | D:1      | Noticed a draconian
     2 | D:1      | Noticed a draconian
     2 | D:1      | Noticed a dwarf
     2 | D:1      | Noticed an ogre
     2 | D:1      | Noticed an elf
     2 | D:1      | Noticed a dwarf
     2 | D:1      | Noticed a ghoul
     3 | D:1      | Killed a dwarf
     3 | D:1      | Killed a gargoyle
     7 | D:1      | Killed a minotaur
     7 | D:1      | Killed an elf
     8 | D:1      | Killed an ogre
     9 | D:1      | Killed a gargoyle
    10 | D:1      | Killed a draconian
    15 | D:1      | Killed a ghoul
    17 | D:1      | Killed a kraken
   197 | D:1      | Reached XP level 2. HP: 23/23 MP: 0/0
   749 | D:1      | Reached XP level 3. HP: 25/28 MP: 0/0
   749 | D:1      | Learned a level 1 spell: Freeze
   792 | D:1      | Reached skill level 4 in Dodging
  1064 | D:1      | Found Tiwnuturch's Antique Armour Shoppe.
  1280 | D:2      | Noticed a phantom
  1295 | D:2      | Slain by a phantom

Illustrated notes

Levels and vault maps discovered:
D:1:      nicolae_arrival_kraken_aquarium_b, layout_basic, serial_shops,
          nicolae_shop_crystal, minmay_pentomino_s4
D:2:      layout_basic, nicolae_overflow_crystal_walls, serial_shops,
          nicolae_shop_waterfront

Skill      XL: |  1  2  3 |
---------------+----------+-----
Long Blades    | 3 |  3.1
Dodging        | 4 |  4.1
Fighting       | |  2.1
Short Blades   | |  0.1
Throwing       | |  1.6
Armour         | |  0.4
Stealth        | |  0.1

Action                   || total
-------------------------++-------
Melee: Long sword        ||    34
       Short sword       ||    56
 Stab: Sleeping          ||     1
Armor: Leather armour    ||    11
Dodge: Dodged            ||    59
       Rpst.: Long sword ||     6

Table legend: (Time is in decaauts)
 A = Elapsed time spent in this place.
 B = Non-inter-level travel time spent in this place.
 C = Inter-level travel time spent in this place.
 D = Time resting spent in this place.
 E = Time spent auto-exploring this place.
 F = Levels seen in this place.
 G = Mean time per level.
                   A        B        C        D        E       F      G
               +--------+--------+--------+--------+--------+-----+--------+
         Total |   1304 |   1295 |      9 |    259 |    814 |   2 |  652.0 |
       Dungeon |   1304 |   1295 |      9 |    259 |    814 |   2 |  652.0 |
               +--------+--------+--------+--------+--------+-----+--------+

Top non-repeatable levels by time:
     D:1: 1262 daAuts
     D:2: 41 daAuts
